 Dungeon Crawl Stone Soup version 0.29.1-12-g30fa7ad0bf (webtiles) character file.

Game seed: 10826939515372158800

98 mopl the Stinger (level 4, -2/27 HPs)
             Began as an Octopode Venom Mage on Jan 16, 2023.
             Slain by an orc
             ... wielding a +0 dagger
              (4 damage)
             ... on level 3 of the Dungeon.
             The game lasted 00:03:01 (2054 turns).

mopl the Stinger (Octopode Venom Mage)              Turns: 2054, Time: 00:03:02

Health: -2/27      AC:  1    Str:  7    XL:     4   Next: 69%
Magic:  0/8        EV: 17    Int: 19    God:
Gold:   162        SH:  0    Dex: 12    Spells: 2/8 levels left

rFire   . . .      SeeInvis .   k - +0 dagger
rCold   . . .      Faith    .   (no shield)
rNeg    . . .      Spirit   .   (helmet restricted)
rPois   .          Reflect  .   (no amulet)
rElec   .          Harm     .   i - +4 ring of evasion
rCorr   .          Rampage  .   (no ring)
Will    .....                   (no ring)
Stlth   +++.......              (no ring)
HPRegen 0.09/turn               (no ring)
MPRegen 0.11/turn               (no ring)
                                (no ring)
                                (no ring)

@: no status effects
A: almost no armour, amphibious, 8 rings, camouflage 1, gelatinous body 1,
(nimble swimmer 1), tentacles
a: no special abilities


You were on level 3 of the Dungeon.
You visited 1 branch of the dungeon, and saw 3 of its levels.

You collected 162 gold pieces.

Inventory:

Hand Weapons
 k - a +0 dagger (weapon)
Missiles
 c - 6 poisoned darts
Jewellery
 i - a +4 ring of evasion (left tentacle)
Scrolls
 d - a scroll of identify {unknown}
 e - a scroll of enchant weapon {unknown}
 f - a scroll of immolation {unknown}
 l - a scroll of magic mapping {unknown}
 o - a scroll of noise {unknown}
 r - a scroll of silence {unknown}
Potions
 a - a potion of magic
 b - 2 potions of attraction {unknown}
 g - 2 potions of brilliance {unknown}
 h - a potion of haste {unknown}
 j - a potion of curing {unknown}
 m - a potion of cancellation {unknown}
 n - a potion of ambrosia {unknown}
 p - a potion of mutation {unknown}
 q - a potion of resistance {unknown}


   Skills:
 - Level 2.0 Dodging
 - Level 2.6 Stealth
 + Level 2.8 Spellcasting
 + Level 2.3 Transmutations
 + Level 1.6 Air Magic
 + Level 4.5 Poison Magic


You had 2 spell levels left.
You knew the following spells:

 Your Spells              Type           Power      Damage    Failure   Level
a - Sting                 Tmut/Pois      60%        1d6       3%          1
b - Poisonous Vapours     Pois/Air       28%        N/A       7%          2
d - Mephitic Cloud        Conj/Pois/Air  10%        N/A       21%         3

Your spell library contained the following spells:

 Spells                   Type           Power      Damage    Failure   Level
 Passwall                 Tmut/Erth      5%         N/A       14%         2
 Magic Dart               Conj           8%         1d3       16%         1
 Sandblast                Erth           4%         2d4       16%         1
 Summon Small Mammal      Summ           8%         N/A       16%         1
 Call Imp                 Summ           2%         N/A       24%         2
 Ensorcelled Hibernation  Hex/Ice        4%         N/A       24%         2
 Swiftness                Air            8%         N/A       24%         3
 Olgreb's Toxic Radiance  Pois           19%        N/A       24%         4
 Call Canine Familiar     Summ           2%         N/A       43%         3
 Stone Arrow              Conj/Erth      4%         3d7       43%         3
 Summon Guardian Golem    Hex/Summ       2%         N/A       43%         3


Dungeon Overview and Level Annotations

Branches:
Dungeon (3/15)

Altars:

Shops:
D:2 [


Innate Abilities, Weirdness & Mutations

You cannot wear most types of armour.
You are amphibious.
You can wear up to eight rings at the same time.
Your skin changes colour to match your surroundings (Stealth+).
Your rubbery body absorbs attacks. (AC +1, EV +1)
((You are camouflaged when in or above water. (Stealth+)))
You have tentacles for arms and can constrict up to eight enemies at once.


Message History

You hit the orc but do no damage. You grab the orc.
The orc is severely wounded.
You constrict the orc, but do no damage.
The orc barely misses you.
Your magical contamination has completely faded away.
You hit the orc but do no damage. You squeeze the orc, but do no damage.
The orc is almost dead.
You constrict the orc, but do no damage.
You kill the orc!
You barely miss the orc. You grab the orc.
You constrict the orc, but do no damage.
The orc hits you but does no damage.
You hit the orc but do no damage.
You constrict the orc, but do no damage.
The orc hits you with a +0 dagger.
You hit the orc but do no damage. Your squeeze misses the orc.
You constrict the orc, but do no damage.
The orc hits you with a +0 dagger.
* * * LOW HITPOINT WARNING * * *
You hit the orc but do no damage.
You constrict the orc, but do no damage.
The orc hits you with a +0 dagger.
* * * LOW HITPOINT WARNING * * *
Casting: Poisonous Vapours (safe; 7% risk of failure)
Confirm with . or Enter, or press ? or * to list all spells.
Aiming: Poisonous Vapours (safe; 7% risk of failure)
Press: ? - help, Dir - move target, f - orc
Aim: an orc, wielding a +0 dagger and wearing a +0 chain mail (constricted by you) Poisonous vapours surround the orc!
The orc is poisoned.
You constrict the orc, but do no damage.
The orc completely misses you.
You hit the orc but do no damage. You squeeze the orc, but do no damage.
The orc is moderately wounded.
You constrict the orc, but do no damage.
The orc hits you with a +0 dagger.
* * * LOW HITPOINT WARNING * * *
You hit the orc but do no damage.
The orc is heavily wounded.
You constrict the orc. The orc hits you with a +0 dagger.
You die...

...## ###.##### #..##.##
..... #.# #....... ####.
.# ########.## ### ##+#
..# #.# ..# # #...# #.#
#.# #>##.# .....# ### #.#
#.## .....# ......#
##.###.# #.## ..###.
.......####...##.######.#.
....+
.......)o@................
..###
.......####..........##.#.
#.# ......#
##..##.###....). ..#
.....# ##.##.# #..#รท##
### #...# ##.##.# #..#.##
##+# #.....# #..#... #.#
#..#### #..##.. #.#
#..######...... ##.##
#.........###..


You could see an orc (poisoned).

Vanquished Creatures
  4 adders
  A dart slug (D:3)
  4 orcs (D:3)
  8 ball pythons
  6 endoplasms
  3 giant cockroaches
  8 goblins
  4 hobgoblins
  2 jackals (D:1)
  5 bats
  A frilled lizard (D:2)
  4 kobolds
  A rat (D:2)
51 creatures vanquished.

Notes
Turn   | Place    | Note
-------+----------+-------------------------------------------
     0 | D:1      | mopl the Octopode Venom Mage began the quest for the Orb.
     0 | D:1      | Reached XP level 1. HP: 11/11 MP: 3/3
   281 | D:1      | Reached XP level 2. HP: 16/17 MP: 3/5
   284 | D:1      | Learned a level 2 spell: Poisonous Vapours
   297 | D:1      | Found a faded altar of an unknown god.
   445 | D:1      | Reached skill level 4 in Poison Magic
   579 | D:2      | Reached XP level 3. HP: 19/21 MP: 0/6
   678 | D:2      | Learned a level 3 spell: Mephitic Cloud
   985 | D:2      | Found Maehay's Antique Armour Shop.
   996 | D:2      | Reached skill level 1 in Air Magic
  1116 | D:2      | Reached skill level 2 in Transmutations
  1345 | D:2      | Reached XP level 4. HP: 24/27 MP: 4/7
  2054 | D:3      | Slain by an orc

Illustrated notes

Levels and vault maps discovered:
D:1:      amcnicky_arrival_double_pillar, layout_basic,
          shapermc_ecumenical_altar_acropolis
D:2:      minmay_spotlight, layout_loops_ring, serial_shops, shop,
          grunt_ministairs_4
D:3:      layout_loops_corners, general_overflow_altar,
          mainiacjoe_overflow_alcove_4

Skill      XL: |  1  2  3 |
---------------+----------+-----
Poison Magic   | 4 |  4.5
Air Magic      | 1 |  1.6
Transmutations | 2 |  2.3
Dodging        | |  2.0
Stealth        | |  2.6
Spellcasting   | |  2.8

Action                   |  1- 3 |  4- 6 || total
-------------------------+-------+-------++-------
Melee: Unarmed           |    23 |       ||    23
       Tentacles         |    14 |    11 ||    25
       Constrict         |     9 |    14 ||    23
       Dagger            |    17 |    45 ||    62
 Cast: Sting             |    26 |       ||    26
       Poisonous Vapours |     5 |     4 ||     9
 Stab: Sleeping          |     2 |     5 ||     7
Armor: Skin              |     3 |     2 ||     5
Dodge: Dodged            |    31 |    29 ||    60
